 Dungeon Crawl Stone Soup version 0.22-a0-181-gb22368a (webtiles) character file.

12405 Azzok the Archer (level 11, -4/78 HPs)
             Began as a Gargoyle Berserker on Feb 14, 2018.
             Was a High Priest of Trog.
             Slain by a troll (6 damage)
             ... on level 11 of the Dungeon.
             The game lasted 00:21:51 (9815 turns).

Azzok the Archer (Gargoyle Berserker)               Turns: 9815, Time: 00:21:52

Health: -4/78      AC: 24    Str: 24    XL:     11   Next: 92%
Magic:  0/11       EV:  7    Int:  8    God:    Trog [*****.]
Gold:   782        SH:  0    Dex:  9    Spells: 10/10 levels left

rFire    . . .     SeeInvis .   x - +3 quarterstaff (chaos)
rCold    . . .     Gourm    .   (shield currently unavailable)
rNeg     + . .     Faith    .   u - +0 plate armour
rPois    ∞         Spirit   +   T - +1 hat {MR+}
rElec    +         Reflect  .   y - +0 cloak
rCorr    .         Harm     .   (no gloves)
MR       +++..                  A - +2 pair of boots
Stlth    ..........             b - amulet of guardian spirit
HPRegen  1.23/turn              h - ring of loudness (curse)
MPRegen  0.12/turn              (no ring)

@: berserk cooldown, regenerating, slowed, very slow
A: negative energy resistance 1, electricity resistance, unbreathing,
petrification resistance, rot immunity, AC +8
a: Berserk, Trog's Hand, Brothers in Arms, Burn Spellbooks, Renounce Religion


You were on level 11 of the Dungeon.
You worshipped Trog.
Trog was extremely pleased with you.
You were hungry.

You visited 1 branch of the dungeon, and saw 11 of its levels.
You also visited: Ossuary.

You collected 818 gold pieces.
You spent 36 gold pieces at shops.

Inventory:

Hand Weapons
 a - a +0 falchion
 x - a +3 quarterstaff of chaos (weapon)
 E - a +2 shortbow of velocity
 M - a +0 lajatang
Missiles
 B - 168 arrows
Armour
 u - a +0 plate armour (worn)
 y - a +0 cloak (worn)
 A - a +2 pair of boots (worn)
 T - a +1 hat of magic resistance (worn)
Jewellery
 b - an amulet of guardian spirit (around neck)
 h - a cursed ring of loudness (left hand)
 m - an uncursed ring of ice
 H - an uncursed ring of flight
 K - an uncursed ring of ice
Wands
 L - a wand of iceblast (12)
Scrolls
 d - 5 scrolls of remove curse {unknown}
 e - 9 scrolls of identify {unknown}
 f - 5 scrolls of teleportation {unknown}
 j - 5 scrolls of fog {unknown}
 o - 3 scrolls of magic mapping {unknown}
 q - 3 scrolls of immolation {unknown}
 r - a scroll of fear {unknown}
 s - 2 scrolls of enchant weapon {unknown}
 z - a scroll of random uselessness {unknown}
 C - 2 scrolls of noise {unknown}
 D - 4 scrolls of enchant armour {unknown}
 F - 3 scrolls of amnesia {unknown}
 V - a scroll of blinking {unknown}
Potions
 g - 3 potions of agility {unknown}
 i - 4 potions of flight {unknown}
 k - 5 potions of heal wounds {unknown}
 l - 2 potions of cancellation {unknown}
 n - a potion of ambrosia {unknown}
 p - 6 potions of curing
 t - 2 potions of mutation {unknown}
 v - a potion of brilliance {unknown}
 w - a potion of might {unknown}
 O - 2 potions of invisibility {unknown}
 Q - a potion of haste {unknown}
 R - 2 potions of berserk rage {unknown}
 S - a potion of lignification {unknown}
Books
 G - a book of Misfortune

   Spells                             Type                      Level
   a - Confusing Touch                Hexes                        1
   b - Confuse                        Hexes                        3
   c - Gell's Gravitas                Translocation                3
   d - Petrify                        Transmutation/Earth          4
   e - Metabolic Englaciation         Hexes/Ice                    5
   f - Yara's Violent Unravelling     Hexes/Transmutation          5
   Trog disapproves of the use of such an item.
 I - a book of Air

   Spells                             Type                      Level
   a - Shock                          Conjuration/Air              1
   b - Swiftness                      Charms/Air                   2
   c - Static Discharge               Conjuration/Air              3
   d - Airstrike                      Air                          4
   e - Lightning Bolt                 Conjuration/Air              5
   Trog disapproves of the use of such an item.
 J - a book of Misfortune

   Spells                             Type                      Level
   a - Confusing Touch                Hexes                        1
   b - Confuse                        Hexes                        3
   c - Gell's Gravitas                Translocation                3
   d - Petrify                        Transmutation/Earth          4
   e - Metabolic Englaciation         Hexes/Ice                    5
   f - Yara's Violent Unravelling     Hexes/Transmutation          5
   Trog disapproves of the use of such an item.
 N - a book of Battle

   Spells                             Type                      Level
   a - Infusion                       Charms                       1
   b - Shroud of Golubria             Charms/Translocation         2
   c - Song of Slaying                Charms                       2
   d - Spectral Weapon                Hexes/Charms                 3
   e - Regeneration                   Charms/Necromancy            3
   Trog disapproves of the use of such an item.
 P - a book of Transfigurations

   Spells                             Type                      Level
   a - Irradiate                      Conjuration/Transmutation    5
   b - Statue Form                    Transmutation/Earth          6
   c - Hydra Form                     Transmutation                6
   d - Dragon Form                    Transmutation                7
   Trog disapproves of the use of such an item.
 U - a book of Changes

   Spells                             Type                      Level
   a - Beastly Appendage              Transmutation                1
   b - Sticks to Snakes               Transmutation                2
   c - Spider Form                    Transmutation/Poison         3
   d - Ice Form                       Ice/Transmutation            4
   e - Blade Hands                    Transmutation                5
   Trog disapproves of the use of such an item.
 X - a book of Cantrips

   Spells                             Type                      Level
   a - Confusing Touch                Hexes                        1
   b - Animate Skeleton               Necromancy                   1
   c - Summon Small Mammal            Summoning                    1
   d - Apportation                    Translocation                1
   Trog disapproves of the use of such an item.
 Y - a book of Frost

   Spells                             Type                      Level
   a - Freeze                         Ice                          1
   b - Throw Frost                    Conjuration/Ice              2
   c - Ozocubu's Armour               Charms/Ice                   3
   d - Throw Icicle                   Conjuration/Ice              4
   e - Summon Ice Beast               Ice/Summoning                4
   Trog disapproves of the use of such an item.
Comestibles
 c - 18 rations
 W - 5 chunks of flesh


   Skills:
 - Level 13.0 Fighting
 - Level 2.6 Long Blades
 + Level 13.9 Bows
 - Level 2.1 Armour
 - Level 1.5 Dodging


You had 10 spell levels left.
You didn't know any spells.

Dungeon Overview and Level Annotations

Branches:
Dungeon (11/15)            Temple (0/1) D:7            Lair (0/6) D:9
    Orc: D:9-12

Altars:
Cheibriados
Dithmenos
Makhleb
Sif Muna
Zin

Shops:
D:8 !


Innate Abilities, Weirdness & Mutations

You are resistant to torment.
Your stone body is resilient. (AC +8)
You are immune to poison.
You resist negative energy. (rN+)
You are resistant to electric shocks. (rElec)
You can survive without breathing.
You are immune to petrification.
You are immune to rotting.


Message History

* * * LOW HITPOINT WARNING * * *
The troll bites you but does no damage. The troll barely misses you. x2
The troll closely misses you. The troll claws you.
* * * LOW HITPOINT WARNING * * *
The troll closely misses you.
You see here a cyclops corpse.
You are feeling hungry.
The troll bites you but does no damage.
The troll claws you but does no damage. x2
The troll bites you but does no damage.
The troll claws you but does no damage. x2
Okay, then.
Your skin crawls.
You feel resistant to hostile enchantments.
You feel somewhat more hungry. The troll bites you but does no damage.
The troll closely misses you. The troll claws you!
* * * LOW MAGIC WARNING * * *;
* * * LOW HITPOINT WARNING * * *
The troll bites you but does no damage. The troll barely misses you.
The troll claws you.
* * * LOW MAGIC WARNING * * *;
* * * LOW HITPOINT WARNING * * *
The troll bites you.
You die...

···▒··▒▒▒▒···▒▒···▒▒·····▒
▒▒▒▒▒▒▒ ▒▒···▒▒···▒▒·····▒
················▒▒
················▒
·······÷·········
···<······▒▒▒▒▒▒▒▒
··········▒▒····▒ ··
···▒▒▒▒···▒▒····▒ ···
▒▒▒▒▒▒▒·@T▒▒····▒▒···
▒·····T···········
▒·················
▒··>··············
▒······▒▒····▒▒▒▒▒
▒······▒▒†···▒▒
▒▒·····▒▒(····▒
▒▒▒▒▒▒▒▒·····╬ ▒······▒


You could see 2 trolls.

Vanquished Creatures
  The ghost of Gorglomux the Protected, a journeyman MiEn of Makhleb (D:11)
  5 two-headed ogres
  A cyclops (D:11)
  A slime creature (D:8)
  2 gargoyles (D:10)
  A polar bear (D:11)
  Prince Ribbit (D:6)
  A troll (D:6)
  Grinder (D:3)
  A hornet (D:10)
  4 hippogriffs
  Sigmund (D:6)
  A wyvern (D:10)
  3 black bears (D:8)
  3 orc warriors
  A hornet zombie (D:11)
  4 ice beasts
  2 phantoms
  A sky beast (D:10)
  3 ogres
  8 centaurs
  Blork the orc (D:6)
  4 bullfrogs
  4 big kobolds (D:8)
  A scorpion (D:5)
  3 howler monkeys
  9 crimson imps
  2 centaur zombies
  2 quasits
  9 jellies
  3 hounds
  3 orc priests
  Crazy Yiuf (D:4)
  A centaur skeleton (D:10)
  11 orc wizards
  3 bullfrog skeletons
  A gnoll shaman (D:6)
  2 iguanas
  6 worker ants
  A hound zombie (D:5)
  8 mummies (Ossuary)
  Robin (D:4)
  15 adders
  6 gnolls
  5 shadow imps
  3 oozes
  An adder zombie (D:8)
  4 adder skeletons
  A worm (D:2)
  A dart slug (D:2)
  5 leopard geckos
  38 orcs
  2 ball pythons
  4 bats
  5 giant cockroaches
  A gnoll zombie (Ossuary)
  16 goblins
  14 hobgoblins
  11 jackals
  4 quokkas
  4 frilled lizards
  A hobgoblin zombie (Ossuary)
  9 kobolds
  5 kobold zombies (Ossuary)
  A leopard gecko skeleton (D:7)
  An orc zombie (Ossuary)
  A quokka skeleton (D:7)
  A quokka zombie (D:6)
  5 rats
286 creatures vanquished.

Vanquished Creatures (collateral kills)
  A centaur (D:7)
  An orc (D:7)
2 creatures vanquished.

Vanquished Creatures (others)
  A water moccasin (D:8)
  An orc wizard (D:8)
  A fungus (D:8)
  11 toadstools (D:8)
14 creatures vanquished.

Grand Total: 302 creatures vanquished

Notes
Turn   | Place    | Note
-------+----------+-------------------------------------------
     0 | D:1      | Azzok the Gargoyle Berserker began the quest for the Orb.
     0 | D:1      | Reached XP level 1. HP: 14/14 MP: 1/1
   489 | D:1      | Reached XP level 2. HP: 20/20 MP: 2/2
   958 | D:1      | Reached XP level 3. HP: 24/24 MP: 3/3
  1655 | D:2      | Reached skill level 5 in Fighting
  1690 | D:2      | Reached ** piety under Trog
  2200 | D:3      | Reached XP level 4. HP: 29/31 MP: 4/4
  2532 | D:3      | Noticed Grinder
  2551 | D:3      | Killed Grinder
  2551 | D:3      | Reached XP level 5. HP: 15/38 MP: 1/5
  2551 | D:3      | Reached XP level 6. HP: 17/44 MP: 1/6
  3175 | D:4      | Found a snail-covered altar of Cheibriados.
  3186 | D:4      | Noticed an ice beast
  3198 | D:4      | Killed an ice beast
  3469 | D:4      | Noticed Robin
  3506 | D:4      | Killed Robin
  3511 | D:4      | Reached *** piety under Trog
  3698 | D:4      | Reached XP level 7. HP: 50/50 MP: 7/7
  4003 | D:4      | Found a runed door.
  4007 | D:4      | Noticed Crazy Yiuf
  4011 | D:4      | Killed Crazy Yiuf
  4124 | D:5      | Entered Level 5 of the Dungeon
  4785 | D:6      | Noticed Blork the orc
  4788 | D:6      | Noticed Sigmund
  4796 | D:6      | Killed Blork the orc
  4796 | D:6      | Reached skill level 10 in Fighting
  4796 | D:6      | Reached XP level 8. HP: 57/57 MP: 8/8
  4799 | D:6      | Killed Sigmund
  4868 | D:6      | Noticed Prince Ribbit
  4889 | D:6      | Killed Prince Ribbit
  4976 | D:6      | Reached **** piety under Trog
  5003 | D:6      | Reached XP level 9. HP: 65/65 MP: 7/9
  5287 | D:6      | Noticed a troll
  5296 | D:6      | Killed a troll
  5517 | D:7      | Reached skill level 5 in Bows
  5634 | D:7      | Found a staircase to the Ecumenical Temple.
  5802 | D:7      | Found a glowing silver altar of Zin.
  5950 | D:7      | Found a shadowy altar of Dithmenos.
  6045 | D:7      | Reached ***** piety under Trog
  6271 | D:8      | Reached XP level 10. HP: 72/72 MP: 10/10
  6325 | D:8      | Received a gift from Trog
  6467 | D:8      | Noticed a two-headed ogre
  6474 | D:8      | Killed a two-headed ogre
  6485 | D:8      | Found Zoeceicu's Distillery.
  6490 | D:8      | Bought a potion of curing for 36 gold pieces
  6568 | D:8      | Found a burning altar of Makhleb.
  6576 | D:8      | Found a deep blue altar of Sif Muna.
  6713 | D:8      | Found a sand-covered staircase.
  6740 | Ossuary  | Entered an ossuary
  7313 | D:8      | Reached skill level 10 in Bows
  8003 | D:9      | Noticed a two-headed ogre
  8007 | D:9      | Received a gift from Trog
  8024 | D:9      | Killed a two-headed ogre
  8024 | D:9      | Reached XP level 11. HP: 75/78 MP: 6/11
  8122 | D:9      | Found a staircase to the Lair.
  8250 | D:10     | Entered Level 10 of the Dungeon
  8413 | D:10     | Received a gift from Trog
  8518 | D:10     | Noticed a two-headed ogre
  8527 | D:10     | Killed a two-headed ogre
  9127 | D:11     | Noticed a two-headed ogre
  9137 | D:11     | Killed a two-headed ogre
  9235 | D:11     | Received a gift from Trog
  9285 | D:11     | Noticed a two-headed ogre
  9291 | D:11     | Killed a two-headed ogre
  9382 | D:11     | Found a labyrinth entrance.
  9383 | D:11     | Noticed Gorglomux's ghost (journeyman MiEn)
  9407 | D:11     | Killed Gorglomux's ghost
  9784 | D:11     | Noticed a cyclops
  9803 | D:11     | Killed a cyclops
  9815 | D:11     | HP: 3/78 [troll (6)]
  9815 | D:11     | Slain by a troll

Vault maps used:
D:1:      elethiomel_arrival_quiet, supply_closet_lemuel
D:2:      first_ration
D:3:      uniq_grinder
D:4:      cheibriados_altar_1, minivault_19, uniq_crazy_yiuf_cottage, uniq_robin
D:5:      minmay_misc_feat_x
D:6:      uniq_sigmund, uniq_blork_the_orc, uniq_prince_ribbit1
D:7:      zin_statuary, kennysheep_mini_moat, minmay_temple_entry_junction
D:8:      cheibrodos_fertilizer, overflow_temple_1_default,
          nicolae_ossuary_entry_false_entrances, basic_altar, serial_shops,
          kennysheep_little_box
D:9:      lair_entry_dummy
D:11:     lab_entry_generic
Ossuary:  ossuary_tomb_3

Skill      XL: |  1  2  3  4  5  6  7  8  9 10 11 |
---------------+----------------------------------+-----
Fighting       | 4 5 7 8 10 11 12 13 | 13.0
Bows           | 3 6 11 13 | 13.9
Long Blades    | |  2.6
Armour         | |  2.1
Dodging        | |  1.5

Action                   |  1- 3 |  4- 6 |  7- 9 | 10-12 || total
-------------------------+-------+-------+-------+-------++-------
Melee: Falchion          |   119 |   181 |    20 |       ||   320
       Quarterstaff      |       |       |   267 |   480 ||   747
Invok: Berserk           |       |     4 |     6 |     9 ||    19
       Trog's Hand       |       |       |       |     1 ||     1
 Stab: Petrifying        |       |       |     1 |     1 ||     2
       Confused          |       |       |     3 |     1 ||     4
       Petrified         |       |       |     1 |     4 ||     5
       Paralysed         |       |       |       |    15 ||    15
  Eat: Chunk             |     4 |     8 |    15 |    17 ||    44
       Ration            |       |       |       |     1 ||     1
Armor: Animal skin       |    21 |       |       |       ||    21
       Ring mail         |    26 |    16 |       |       ||    42
       Scale mail        |       |    40 |       |       ||    40
       Plate armour      |       |    60 |   363 |   509 ||   932
Dodge: Dodged            |    70 |    89 |   172 |   206 ||   537
       Rpst.: Falchion   |    28 |    28 |     1 |       ||    57

Table legend:
 A = Spawn XP
 B = Non-spawn XP
 C = Spawn XP percentage of total XP
 D = Spawn monster count
 E = Non-spawn monster count
 F = Spawn count percentage of total count
 G = Total turns spent on level
                    A         B        C        D         E        F      G
               +---------+---------+-------+---------+---------+-------+---------
         Total |       0 |   17722 |   0.0 |       0 |     289 |   0.0 |  9815
               +---------+---------+-------+---------+---------+-------+---------
           D:1 |       0 |      40 |   0.0 |       0 |      19 |   0.0 |  1470
           D:2 |       0 |      38 |   0.0 |       0 |      14 |   0.0 |   670
           D:3 |       0 |     368 |   0.0 |       0 |      32 |   0.0 |  1025
           D:4 |       0 |     284 |   0.0 |       0 |      20 |   0.0 |   959
           D:5 |       0 |     376 |   0.0 |       0 |      11 |   0.0 |   661
           D:6 |       0 |    1908 |   0.0 |       0 |      27 |   0.0 |   645
           D:7 |       0 |    1327 |   0.0 |       0 |      33 |   0.0 |   766
           D:8 |       0 |    3613 |   0.0 |       0 |      50 |   0.0 |  1066
           D:9 |       0 |    1628 |   0.0 |       0 |      21 |   0.0 |   640
          D:10 |       0 |    2869 |   0.0 |       0 |      17 |   0.0 |   839
          D:11 |       0 |    5118 |   0.0 |       0 |      29 |   0.0 |   726
       Ossuary |       0 |     153 |   0.0 |       0 |      16 |   0.0 |   348
               +---------+---------+-------+---------+---------+-------+---------
